 Dungeon Crawl Stone Soup version 0.25.1-2-g60ff931df9 (webtiles) character file.

Game seed: 9083812602117084323

113 DogServant the Skirmisher (level 4, -2/42 HPs)
             Began as a Hill Orc Fighter on Oct 22, 2020.
             Slain by an iguana (3 damage)
             ... on level 3 of the Dungeon.
             The game lasted 00:01:36 (1799 turns).

DogServant the Skirmisher (Hill Orc Fighter)        Turns: 1799, Time: 00:01:37

Health: -2/42      AC: 10    Str: 19    XL:     4   Next: 96%
Magic:  4/4        EV:  7    Int:  8    God:
Gold:   74         SH:  9    Dex: 10    Spells: 3/3 levels left

rFire    . . .     SeeInvis .   a - +0 war axe
rCold    . . .     Gourm    .   c - +0 kite shield
rNeg     . . .     Faith    .   b - +0 scale mail
rPois    .         Spirit   .   (no helmet)
rElec    .         Reflect  .   r - +0 cloak
rCorr    .         Harm     .   (no gloves)
MR       .....                  i - +1 pair of boots
Stlth    ..........             (no amulet)
HPRegen  0.14/turn              u - ring of flight
MPRegen  0.09/turn              (no ring)

@: no status effects
A: no striking features
a: Evoke Flight


You were on level 3 of the Dungeon.
You were not hungry.

You visited 1 branch of the dungeon, and saw 3 of its levels.

You collected 74 gold pieces.

Inventory:

Hand Weapons
 a - a +0 war axe (weapon)
Armour
 b - a +0 scale mail (worn)
 c - a +0 kite shield (worn)
 i - a +1 pair of boots (worn)
 r - a +0 cloak (worn)
Jewellery
 u - a ring of flight (left hand)
 v - an uncursed ring of ice
Scrolls
 e - 3 scrolls of teleportation {unknown}
 g - 6 scrolls of identify {unknown}
 h - 2 scrolls of remove curse {unknown}
 j - 2 scrolls of enchant weapon {unknown}
Potions
 d - a potion of might
 k - 2 potions of mutation {unknown}
 l - a potion of cancellation {unknown}
 m - 2 potions of flight {unknown}
 n - a potion of haste {unknown}
 o - a potion of degeneration {unknown}
 p - 3 potions of brilliance {unknown}
 q - 2 potions of curing {unknown}
 t - 2 potions of heal wounds {unknown}
Comestibles
 f - 7 rations
 s - 12 chunks of flesh


   Skills:
 + Level 5.3 Fighting
 + Level 5.0 Axes
 - Level 3.2 Armour
 - Level 3.2 Shields


You had 3 spell levels left.
You didn't know any spells.
Your spell library was empty.

Dungeon Overview and Level Annotations

Branches:
Dungeon (2/15)

Altars:
Vehumet


Message History

The iguana is almost dead.
You block the iguana's attack.
Your shield prevents you from hitting the iguana.
The iguana is almost dead.
The iguana bites you.
* * * LOW HITPOINT WARNING * * *
You block the iguana's attack.
You hit the iguana but do no damage.
The iguana is almost dead.
The iguana bites you!
* * * LOW HITPOINT WARNING * * *
You barely miss the iguana.
The iguana is almost dead.
The iguana bites you but does no damage.
Okay, then.
You hit the iguana but do no damage.
The iguana is almost dead.
The iguana bites you but does no damage.
The iguana bites you.
You die...

. . .## .. #. #.## #†l# ##++##
#@### ### ##....## #...### ...
##......## ###...# ..#
#..≈≈.§..### ###.##..###
+..≈.≈...+.# #.>.......
+..)≈.≈..+.## #.....##.#
#..≈.≈§..#..# #......#.###.##
##......##..# #).......#.....
##....##...######..............


You could see an iguana.

Vanquished Creatures
  A worker ant (D:3)
  3 adders (D:2)
  3 worms (D:2)
  2 dart slugs
  5 giant cockroaches
  4 goblins
  9 hobgoblins
  2 jackals (D:3)
  3 quokkas
  5 bats
  2 frilled lizards
  3 kobolds
  5 rats
47 creatures vanquished.

Notes
Turn   | Place    | Note
-------+----------+-------------------------------------------
     0 | D:1      | DogServant the Hill Orc Fighter began the quest for the
                  | Orb.
     0 | D:1      | Reached XP level 1. HP: 19/19 MP: 1/1
   833 | D:2      | Reached XP level 2. HP: 27/27 MP: 2/2
  1151 | D:2      | Reached XP level 3. HP: 31/34 MP: 3/3
  1205 | D:2      | Found a radiant altar of Vehumet.
  1587 | D:2      | Reached XP level 4. HP: 41/41 MP: 4/4
  1619 | D:2      | You fall into a shaft and drop 1 floor!
  1643 | D:3      | Reached skill level 5 in Fighting
  1757 | D:3      | Reached skill level 5 in Axes
  1797 | D:3      | HP: 1/42 [iguana (7)]
  1799 | D:3      | Slain by an iguana

Illustrated notes

Levels and vault maps discovered:
D:1:      elethiomel_arrival_maze, layout_basic
D:2:      layout_basic, overflow_temple_1_default
D:3:      layout_rooms, kennysheep_generic_room_3, uniq_crazy_yiuf_cottage

Skill      XL: |  1  2  3  4 |
---------------+-------------+-----
Axes           | 3 4 5 |  5.0
Fighting       | 4 5 |  5.3
Armour         | |  3.2
Shields        | |  3.2

Action                   |  1- 3 |  4- 6 || total
-------------------------+-------+-------++-------
Melee: War axe           |    89 |    50 ||   139
  Eat: Chunk             |     2 |     1 ||     3
Armor: Scale mail        |    55 |    22 ||    77
Dodge: Dodged            |    27 |    15 ||    42
Block: Kite shield       |    53 |    21 ||    74
